AoeStats
← jeff0511

Black Forest

508915239Analyzed
4v4 RM · 8d ago on Sep 24, 2026· 54m 37s· 8 players
Game mode
Random Map
Map size
Large (8 player)
Population
200
Speed
Normal
Resources
Standard
Victory
Conquest
Starting age
Dark Age
Ending age
Imperial Age
RankedLock teamsTeams togetherTeam positionsShared explorationLock speedFull tech treeHidden civsTurbo modeCheats
Victory
Defeat
🇻🇳 Romans · Vietnam
1087
+13
🇹🇼 Khmer · Taiwan
1084
+13
🇹🇼 Celts · Taiwan
1075
+14
🇹🇼 Bohemians · Taiwan
1017
+16
🇦🇷 Lithuanians · Argentina
1049
-15
🇺🇸 Japanese · United States
1033
-14
🇪🇸 Poles · Spain
1011
-14
🇬🇧 Britons · United Kingdom
1008
-13
Danzer
13:23 Feudal Age
11:39 Loom
14:10 Horse Collar
14:18 Double-Bit Axe
18:47 Castle Age
16:46 Gold Mining
17:56 Forging
19:27 Scale Barding Armor
19:28 Heavy Plow
19:44 Bow Saw
25:04 Bloodlines
24:55 Husbandry
25:52 Iron Casting
25:37 Chain Barding Armor
30:19 Wheelbarrow
30:01 Town Watch
31:26 Hand Cart
31:47 Hand Cart
31:32 Town Patrol
34:40 Masonry
34:53 Ballistics
34:42 Fletching
37:39 Imperial Age
36:31 Bodkin Arrow
36:37 Murder Holes
38:07 Szlachta Privileges
38:08 Cavalier
39:17 Conscription
40:47 Blast Furnace
41:49 Bracer
Alex
0:47 Loom
12:27 Feudal Age
17:43 Castle Age
16:36 Fishing Lines
17:10 Stone Mining
25:19 Double-Bit Axe
30:56 Horse Collar
32:19 Wheelbarrow
33:22 Hand Cart
35:15 Bow Saw
40:34 Caravan
40:17 Crossbowman
43:23 Fletching
44:10 Bodkin Arrow
46:50 Yeomen
52:29 Imperial Age
53:53 Bracer
LeandroPaul79
0:48 Loom
10:08 Feudal Age
10:46 Double-Bit Axe
10:44 Horse Collar
16:25 Castle Age
15:54 Gold Mining
17:25 Bow Saw
17:17 Heavy Plow
19:46 Wheelbarrow
25:17 Hand Cart
30:11 Fishing Lines
33:23 Imperial Age
30:43 Town Watch
31:32 Ballistics
31:33 Fishing Lines
32:20 Masonry
33:28 Scale Mail Armor
33:40 Forging
34:10 Gillnets
33:48 Pikeman
34:29 Squires
34:14 Arson
34:51 Town Patrol
35:42 Hill Forts
35:55 Tower Shields
36:40 Husbandry
36:50 Bloodlines
36:50 Stone Mining
36:42 Cavalier
37:20 Light Cavalry
40:20 Chemistry
39:19 Murder Holes
39:55 Architecture
40:21 Scale Barding Armor
40:51 Iron Casting
40:50 Caravan
40:54 Paladin
41:09 Light Cavalry
43:15 Hoardings
44:16 Crop Rotation
43:29 Treadmill Crane
45:20 Chain Barding Armor
Kin
1:35 Loom
12:44 Feudal Age
16:58 Castle Age
14:58 Double-Bit Axe
15:10 Gold Mining
15:29 Horse Collar
16:49 Stone Mining
22:40 Bow Saw
22:38 Fishing Lines
24:38 Fletching
25:59 Gold Shaft Mining
25:44 Gillnets
26:11 Bodkin Arrow
27:13 Thumb Ring
27:15 Padded Archer Armor
28:34 Leather Archer Armor
32:46 Imperial Age
30:53 Forging
31:56 Scale Mail Armor
32:01 Scale Barding Armor
35:23 Kataparuto
35:14 Bracer
35:54 Bloodlines
35:45 Husbandry
35:08 Heavy Cavalry Archer
36:13 Parthian Tactics
36:22 Ring Archer Armor
37:56 Chain Barding Armor
37:51 Chain Mail Armor
37:02 Pikeman
37:42 Squires
37:50 Halberdier
38:57 Ballistics
39:38 Chemistry
38:50 Masonry
40:17 Plate Mail Armor
40:23 Iron Casting
39:33 Treadmill Crane
39:58 Siege Engineers
40:10 Fortified Wall
40:57 Conscription
40:47 Murder Holes
41:03 Yasama
kenghsien77
8:07 Loom
12:02 Feudal Age
15:04 Castle Age
13:03 Double-Bit Axe
14:11 Horse Collar
15:05 Bloodlines
25:43 Forging
25:39 Scale Barding Armor
27:36 Husbandry
33:51 Imperial Age
33:28 Wheelbarrow
34:24 Light Cavalry
35:29 Double Crossbow
35:27 Elite Ballista Elephant
37:18 Siege Engineers
45:49 Chemistry
44:38 Hussar
46:44 Chain Barding Armor
50:39 Plate Barding Armor
50:40 Iron Casting
50:59 Ballistics
onlysyou13
13:23 Feudal Age
17:20 Castle Age
15:40 Double-Bit Axe
15:38 Horse Collar
23:50 Bow Saw
23:45 Heavy Plow
25:12 Wheelbarrow
26:12 Hand Cart
33:33 Imperial Age
33:05 Fletching
34:56 Bodkin Arrow
35:46 Conscription
36:39 Chemistry
36:59 Ballistics
36:35 Murder Holes
37:48 Two-Man Saw
39:56 Caravan
42:08 Pikeman
52:00 Halberdier
54:10 Wagenburg Tactics
jeff0511
0:33 Loom
13:17 Feudal Age
18:02 Castle Age
17:13 Double-Bit Axe
17:11 Horse Collar
28:14 Town Watch
30:33 Wheelbarrow
32:20 Bow Saw
36:12 Imperial Age
35:49 Hand Cart
36:37 Ballistics
36:34 Fortified Wall
37:30 Town Patrol
37:11 Heavy Scorpion
38:46 Conscription
40:13 Caravan
44:00 Chemistry
43:06 Siege Engineers
47:55 Furor Celtica
48:25 Hoardings
54:26 Masonry
54:07 Onager
satc1014
5:33 Loom
10:41 Feudal Age
14:48 Castle Age
19:32 Double-Bit Axe
21:09 Horse Collar
26:47 Wheelbarrow
27:34 Bow Saw
27:39 Heavy Plow
29:45 Town Watch
30:46 Hand Cart
30:43 Gold Mining
35:06 Imperial Age
33:32 Squires
33:18 Pikeman
34:02 Stone Mining
33:41 Man-at-Arms
34:47 Long Swordsman
35:29 Scale Mail Armor
35:59 Town Patrol
36:10 Forging
35:43 Heavy Scorpion
37:15 Legionary
39:28 Conscription
39:49 Chain Mail Armor
40:10 Iron Casting
40:55 Crop Rotation
41:01 Gold Shaft Mining
40:50 Ballistics
41:31 Chemistry
42:51 Ballistas
Connection lost

Rejoining the realm…

Still unreachable

The connection could not be restored.

Session expired

The server has moved on; the page needs a fresh start.